 Dungeon Crawl Stone Soup version 0.26-b1-32-g5d43845318 (webtiles) character file.

Game seed: 11554156199084044413

35 Borgoz the Cudgeller (level 3, 0/30 HPs)
             Began as a Ghoul Gladiator on Jan 13, 2021.
             Slain by a hobgoblin
             ... wielding a +0 club
              (2 damage)
             ... on level 2 of the Dungeon.
             The game lasted 00:01:00 (966 turns).

Borgoz the Cudgeller (Ghoul Gladiator)               Turns: 966, Time: 00:01:01

Health: 0/30       AC:  8    Str: 17    XL:     3   Next: 35%
Magic:  2/2        EV: 11    Int:  3    God:
Gold:   51         SH:  0    Dex: 11    Spells: 2/2 levels left

rFire    . . .     SeeInvis .   a - +0 flail
rCold    + + .     Faith    .   (no shield)
rNeg     + + +     Spirit   .   g - +2 ring mail {rC+}
rPois    ∞         Reflect  .   c - +0 helmet
rElec    .         Harm     .   (no cloak)
rCorr    .         Rampage  .   (no gloves)
Will     .....                  (no boots)
Stlth    +.........             (no amulet)
HPRegen  0.00/turn              (no ring)
MPRegen  0.08/turn              (no ring)

@: no status effects
A: claws 1, cold resistance 1, negative energy resistance 3, inhibited
regeneration, torment resistance, unbreathing
a: no special abilities


You were on level 2 of the Dungeon.
You visited 1 branch of the dungeon, and saw 2 of its levels.

You collected 51 gold pieces.

Inventory:

Hand Weapons
 a - a +0 flail (weapon)
Missiles
 d - 2 throwing nets (quivered)
Armour
 c - a +0 helmet (worn)
 g - a +2 ring mail of cold resistance (worn)
Scrolls
 f - a scroll of remove curse {unknown}
 h - a scroll of teleportation {unknown}
 k - a scroll of enchant armour {unknown}
 l - a scroll of amnesia {unknown}
 o - 2 scrolls of identify {unknown}
Potions
 b - a potion of magic {unknown}
 e - a potion of attraction {unknown}
 i - a potion of curing {unknown}
 j - a potion of degeneration {unknown}
 m - a potion of heal wounds {unknown}
 n - a potion of might {unknown}


   Skills:
 * Level 2.7 Fighting
 * Level 3.1 Maces & Flails
 - Level 1.7 Throwing
 * Level 1.0 Armour
 * Level 3.0 Dodging


You had 2 spell levels left.
You didn't know any spells.
Your spell library was empty.

Dungeon Overview and Level Annotations

Branches:
Dungeon (2/15)

Altars:


Innate Abilities, Weirdness & Mutations

You thrive by killing the living.
You are immune to poison.
You have sharp fingernails.
Your flesh is cold resistant. (rC+)
You are immune to negative energy. (rN+++)
You do not regenerate when monsters are visible.
You are immune to unholy pain and torment.
You can survive without breathing.


Message History

The worm bites you!
* * * LOW HITPOINT WARNING * * *
You barely miss the worm.
The worm is moderately wounded.
The worm bites you.
* * * LOW HITPOINT WARNING * * *
Throw: 3 throwing nets
Press: ? - help, Q - select action Shift-Dir - straight line, f - worm
Aim: a worm (moderately wounded)
You throw a throwing net. The throwing net hits the worm.
The worm is caught in the net!
The worm is moderately wounded.
You sock the worm!
The worm is severely wounded.
The worm struggles against the net.
You completely miss the worm.
The worm is severely wounded.
A shadow imp comes into view.
The hobgoblin hits you with a +0 club.
You die...

#......########## .....
......(....)#((.# ...<.
.......(.(.†(...##......
...#...###†##....#.....
##.#.....#.###.....#
..#...#.#.###.#.#.##!..
................).......
########...###...###.#..
#### ##.@w......
#....g...##..
#............
#.......###.. ####.....
. #.#.#.# #. .#.# #.
.#5.


You could see a worm (caught), a shadow imp and a hobgoblin.

Vanquished Creatures
  An adder (D:2)
  A leopard gecko (D:1)
  3 giant cockroaches (D:1)
  4 goblins
  3 hobgoblins (D:1)
  4 bats (D:1)
  A frilled lizard (D:2)
  4 kobolds
  4 rats (D:1)
25 creatures vanquished.

Notes
Turn   | Place    | Note
-------+----------+-------------------------------------------
     0 | D:1      | Borgoz the Ghoul Gladiator began the quest for the Orb.
     0 | D:1      | Reached XP level 1. HP: 17/17 MP: 0/0
   278 | D:1      | Reached XP level 2. HP: 21/25 MP: 1/1
   923 | D:2      | Reached XP level 3. HP: 28/30 MP: 2/2
   934 | D:2      | Reached skill level 1 in Armour
   966 | D:2      | Slain by a hobgoblin

Illustrated notes

Levels and vault maps discovered:
D:1:      dpeg_arrival_tiny_a, layout_basic, grunt_decor_mini_mirrors,
          nrook_mini_backslash, kennysheep_small_spiral
D:2:      layout_basic, overflow_temple_1_default

Skill      XL: |  1  2  3 |
---------------+----------+-----
Maces & Flails | 3 |  3.1
Dodging        | 3 |  3.0
Armour         | 1 |  1.0
Fighting       | |  2.7
Throwing       | |  1.7

Action                   || total
-------------------------++-------
Melee: Flail             ||    91
Throw: Throwing net      ||     1
Armor: Leather armour    ||    25
       Ring mail         ||    13
Dodge: Dodged            ||    70
